 Dungeon Crawl Stone Soup version 0.29-a0-22-gbf593b16ee (webtiles) character file.

Game seed: 9725726043221580012

1619 Sweetruy1997 the Chopper (level 8, -5/62 HPs)
             Began as a Demonspawn Chaos Knight on Jan 29, 2022.
             Was a Plaything of Xom.
             Engulfed by a cloud of flame (24 damage)
             ... on level 4 of the Dungeon.
             The game lasted 00:21:29 (7913 turns).

Sweetruy1997 the Chopper (Demonspawn Chaos Knight)  Turns: 7913, Time: 00:21:29

Health: -5/62      AC:  6    Str: 12    XL:     8   Next: 64%
Magic:  8/8        EV: 11    Int: 14    God:    Xom [.....*]
Gold:   31         SH:  0    Dex: 15    Spells: 5/7 levels left

rFire   . . .      SeeInvis .   a - +0 hand axe (chaos)
rCold   . . .      Faith    .   d - orb {mayhem}
rNeg    . . .      Spirit   .   b - +3 leather armour
rPois   .          Reflect  .   (no helmet)
rElec   .          Harm     .   (no cloak)
rCorr   .          Rampage  .   (no gloves)
Will    .....                   (no boots)
Stlth   ++........              (no amulet)
HPRegen 0.20/turn               (no ring)
MPRegen 0.11/turn               (no ring)

@: no status effects
A: claws 1, spiny 2, MP-powered wands
a: Renounce Religion


You were on level 4 of the Dungeon.
You worshipped Xom.
You were Xom's teddy bear.
You visited 2 branches of the dungeon, and saw 7 of its levels.
You also visited: Sewer.

You collected 313 gold pieces.
You spent 282 gold pieces at shops.

Inventory:

Hand Weapons
 a - a +0 hand axe of chaos (weapon)
Missiles
 u - 3 javelins (quivered)
Armour
 b - a +3 leather armour (worn)
 d - an orb of mayhem (worn)
Wands
 e - a wand of iceblast (12)
 m - a wand of flame (17)
 n - a wand of acid (3)
 p - a wand of digging (6)
 t - a wand of paralysis (12)
Scrolls
 j - 2 scrolls of fog
 k - a scroll of silence {unknown}
 o - a scroll of vulnerability {unknown}
 q - a scroll of enchant weapon {unknown}
 r - 2 scrolls of teleportation
 s - 3 scrolls of fear
 v - 2 scrolls of blinking
Potions
 c - a potion of magic
 f - a potion of might {unknown}
 g - 3 potions of flight {unknown}
 h - 6 potions of curing
 i - a potion of heal wounds {unknown}
 l - a potion of brilliance {unknown}
 w - a potion of resistance


   Skills:
 - Level 5.0 Fighting
 + Level 7.2 Axes
 - Level 4.0 Throwing
 - Level 4.0 Armour
 - Level 1.0 Dodging
 - Level 3.0 Stealth
 - Level 1.0 Evocations


You had 5 spell levels left.
You knew the following spells:

 Your Spells              Type           Power      Damage    Failure   Level
a - Sublimation of Blood  Necr           0%         N/A       50%         2

Your spell library contained the following spells:

 Spells                   Type           Power      Damage    Failure   Level
 Tukima's Dance           Hex            0%         N/A       73%         3
 Anguish                  Hex/Necr       0%         N/A       98%         4
 Petrify                  Tmut/Erth      0%         N/A       98%         4
 Irradiate                Conj/Tmut      0%         3d13      100%        5
 Enfeeble                 Hex            0%         N/A       100%        7


Dungeon Overview and Level Annotations

Branches:
Dungeon (6/15)             Temple (1/1) D:6           Sewer (visited)

Altars:
Ashenzari
Cheibriados
Dithmenos
Elyvilon
Fedhas
Gozag
Hepliaklqana
Kikubaaqudgha
Makhleb
Nemelex Xobeh
Okawaru
Qazlal
Ru
Sif Muna
Trog
Uskayaw
Vehumet
Wu Jian
Xom
Yredelemnul
Zin
The Shining One
Beogh

Shops:
D:2 ?   D:3 *

Annotations:
D:4 1 transporter


Innate Abilities, Weirdness & Mutations

You have sharp fingernails.
You are mostly covered in sharp spines.
You expend magic power (3 MP) to strengthen your wands.


Message History

Partly explored, unvisited transporter.
There is an escape hatch in the floor here.
You see here a +0 chain mail.
There is a transporter here.
You enter the transporter and appear at another place.
w - a potion of resistance As you open the gate, it creaks loudly!
You hit the fire bat.
The fire bat is moderately wounded.
You barely miss the fire bat. The fire bat closely misses you.
The fire bat bites you.
You are engulfed in flames!
You slash the fire bat! You freeze the fire bat.
The fire bat is severely wounded.
The fire bat bites you.
You are engulfed in flames.
The fire bat barely misses you. The fire bat is struck by your spines.
The fire bat bites you but does no damage.
The fire bat is struck by your spines. The fire bat barely misses you.
You hit the fire bat.
The fire bat is heavily wounded.
The fire bat is struck by your spines.
The fire bat bites you but does no damage.
The fire bat is struck by your spines.
You kill the fire bat!
The fire bat flies into a frenzy!
Xom is highly amused!
Your life force feels restored.
You hit the fire bat.
You kill the fire bat!
Your Axes skill increases to level 7!
Really walk into that cloud of flame? [Y]es or [N]o only, please.
Really walk into that cloud of flame?
Okay, then.
Really walk into a travel-excluded area?
You are engulfed in blazing flames.
There is an open gate, spattered with blood here.
You are engulfed in blazing flames.
You are engulfed in blazing flames.
You die...

.#.# #°.°°..☼# .#.#
#☼☼☼○○○○# ##.#
#○°#©#○○# #.#
#°☼...○°# #.#
#°○#.#☼○# #.#
#○°...○○# ##.##
####☼°○#### #...##
#☼○○○☼☼☼.°# .###.##
#°☼☼.@°○°☼# ##
##.######°○☼...☼○.#
#
#......#☼°☼$$$°°°#
##
##.######°☼○(©)○°○#
.###.##
#############
#....# ##.©...).)#
##.#.# #....###)#
##.#.# ##...# #.#
...#.# ##### #.#


There were no monsters in sight!

Vanquished Creatures
  A hornet (D:5)
  2 fire bats (D:4)
  Menkaure (D:4)
  An ogre (D:4)
  An ice beast (D:6)
  A scorpion (D:5)
  A wyvern skeleton (D:5)
  3 wights (D:6)
  4 hounds
  3 orc priests
  2 iguanas
  3 orc wizards
  6 adders
  7 river rats (Sewer)
  2 ufetubi
  An adder zombie (D:3)
  2 adder skeletons
  3 worms
  5 dart slugs
  13 orcs
  6 ball pythons
  7 endoplasms
  5 giant cockroaches
  8 hobgoblins
  7 kobolds
  7 quokkas
  2 ball python zombies (D:3)
  5 bats
  8 frilled lizards
  A giant cockroach zombie (D:3)
  6 goblins
  11 rats
135 creatures vanquished.

Vanquished Creatures (collateral kills)
  A dart slug (D:4)
  An orc (D:4)
2 creatures vanquished.

Vanquished Creatures (others)
  A river rat (Sewer)
  A frilled lizard (Sewer)
  A plant (D:1)
3 creatures vanquished.

Grand Total: 140 creatures vanquished

Notes
Turn   | Place    | Note
-------+----------+-------------------------------------------
     0 | D:1      | Sweetruy1997 the Demonspawn Chaos Knight began the quest
                  | for the Orb.
     0 | D:1      | Reached XP level 1. HP: 18/18 MP: 1/1
    78 | D:1      | XOM: divination: detect creatures
   169 | D:1      | XOM: divination: detect creatures
   247 | D:1      | XOM: divination: detect creatures
   292 | D:1      | Reached skill level 3 in Axes
   324 | D:1      | XOM: god gift: leather armour {god gift}
   340 | D:1      | Gained mutation: You are partially covered in sharp spines.
                  | [demonic ancestry]
   340 | D:1      | Reached XP level 2. HP: 24/24 MP: 2/2
   783 | D:1      | XOM: god gift: 43 gold pieces
   805 | D:1      | Reached XP level 3. HP: 28/29 MP: 3/3
   828 | D:1      | Found a faded altar of an unknown god.
   863 | D:1      | XOM: god gift: staff of conjuration
  1101 | D:2      | Reached skill level 1 in Dodging
  1350 | D:2      | XOM: divination: detect items
  1638 | D:2      | Found Dodit's Magic Scroll Shop.
  1665 | D:2      | Bought a scroll of identify for 26 gold pieces
  1665 | D:2      | Bought a scroll of identify for 26 gold pieces
  1665 | D:2      | Bought a scroll of noise for 13 gold pieces
  1665 | D:2      | Bought a scroll of amnesia for 45 gold pieces
  1735 | D:2      | Found a basalt altar of Yredelemnul.
  1793 | D:2      | XOM: god gift: wand of iceblast (7)
  1843 | D:2      | Gained mutation: You have sharp fingernails. [demonic
                  | ancestry]
  1843 | D:2      | Reached XP level 4. HP: 37/37 MP: 4/4
  1930 | D:2      | XOM: silly message
  2227 | D:2      | XOM: silly message
  2286 | D:2      | XOM: silly message
  2360 | D:3      | XOM: noise
  2375 | D:3      | XOM: confuse monster(s)
  2381 | D:3      | Reached skill level 4 in Axes
  2408 | D:3      | Reached XP level 5. HP: 8/42 MP: 5/5
  2461 | D:3      | Reached skill level 1 in Stealth
  2517 | D:3      | Found a glowing drain.
  2532 | Sewer    | Entered a sewer
  2724 | Sewer    | XOM: silly message
  2876 | Sewer    | XOM: cloud trail
  3100 | Sewer    | Reached XP level 6. HP: 43/48 MP: 6/6
  3164 | Sewer    | XOM: silly message
  3304 | Sewer    | XOM: divination: magic mapping
  3341 | Sewer    | XOM: divination: magic mapping
  3490 | D:3      | Found Hina's General Store.
  3608 | D:3      | Found a basalt altar of Yredelemnul.
  3996 | D:3      | Learned a level 2 spell: Sublimation of Blood
  4075 | D:4      | XOM: noise
  4084 | D:4      | XOM: enchant monster (bad)
  4088 | D:4      | Reached skill level 5 in Axes
  4562 | D:4      | XOM: 3-stop teleportation journey
  4833 | D:3      | Bought a scroll of teleportation for 30 gold pieces
  4903 | D:4      | Reached XP level 7. HP: 55/55 MP: 7/7
  5194 | D:4      | Found a transporter.
  5467 | D:4      | Found a transporter.
  5467 | D:4      | Noticed Menkaure
  5471 | D:4      | Killed Menkaure
  5472 | D:4      | Reached skill level 1 in Throwing
  5486 | D:4      | Noticed a fire bat
  5678 | D:4      | Noticed a fire bat
  5778 | D:5      | Entered Level 5 of the Dungeon
  5798 | D:5      | Noticed a hornet
  5809 | D:5      | Killed a hornet
  6173 | D:5      | XOM: god gift: scroll labelled QORATSITHRI {god gift}
  6260 | D:5      | XOM: god gift: potion of curing
  6390 | D:5      | XOM: fake destruction
  6399 | D:5      | Gained mutation: You are mostly covered in sharp spines.
                  | [demonic ancestry]
  6399 | D:5      | Reached XP level 8. HP: 55/61 MP: 8/8
  7046 | D:6      | Found a staircase to the Ecumenical Temple.
  7064 | Temple   | Entered the Ecumenical Temple
  7195 | Temple   | XOM: give mutation
  7195 | Temple   | Gained mutation: You expend magic power (3 MP) to
                  | strengthen your wands. [Xom's grace]
  7312 | D:6      | Reached skill level 5 in Fighting
  7312 | D:6      | Reached skill level 1 in Evocations
  7356 | D:6      | XOM: 3-stop teleportation journey
  7385 | D:6      | Reached skill level 6 in Axes
  7412 | D:6      | XOM: god gift: 41 gold pieces
  7773 | D:2      | Bought a scroll of fear for 45 gold pieces
  7773 | D:2      | Bought a scroll of holy word for 97 gold pieces
  7910 | D:4      | Reached skill level 7 in Axes
  7913 | D:4      | Engulfed by a cloud of flame

Illustrated notes

Levels and vault maps discovered:
D:1:      kennysheep_arrival_seaside, layout_basic,
          hellmonk_ecumenical_altar_defaced_shrine
D:2:      layout_basic, basic_altar, serial_shops, shop_statue, kennysheep_nub,
          chequers_serial_rivers_small_a, kennysheep_generic_room_6
D:3:      layout_loops_ring, nicolae_yredelemnul_corpse_copse,
          gup_sewer_entry_pipe, serial_shops, nicolae_shop_waterfront
D:4:      gammafunk_cloud_chamber, layout_loops_ring, uniq_menkaure
D:5:      layout_loops_corners, minmay_misc_feat_encased
D:6:      layout_loops_ring, minmay_temple_entry_junction, serial_shops, shop
Temple:   kilobyte_greek_temple

Skill      XL: |  1  2  3  4  5  6  7  8 |
---------------+-------------------------+-----
Axes           | 3 4 5 7 |  7.2
Dodging        | 1 |  1.0
Armour         | 2 3 4 |  4.0
Fighting       | 4 5 |  5.0
Stealth        | 1 2 3 |  3.0
Throwing       | 3 4 |  4.0
Evocations     | 1 |  1.0

Action                   |  1- 3 |  4- 6 |  7- 9 || total
-------------------------+-------+-------+-------++-------
Melee: Hand axe          |    87 |   148 |    69 ||   304
Throw: Boomerang         |       |    27 |    30 ||    57
       Javelin           |       |       |     8 ||     8
Evoke: Wand              |       |     1 |     5 ||     6
  Use: Scroll            |     3 |     2 |     2 ||     7
 Stab: Sleeping          |     1 |     4 |       ||     5
       Paralysed         |     1 |       |       ||     1
       Petrifying        |       |     2 |       ||     2
       Confused          |       |       |     1 ||     1
Armor: Leather armour    |    28 |    30 |    20 ||    78
Dodge: Dodged            |    40 |    68 |    29 ||   137

Table legend: (Time is in decaauts)
 A = Elapsed time spent in this place.
 B = Non-inter-level travel time spent in this place.
 C = Inter-level travel time spent in this place.
 D = Time resting spent in this place.
 E = Time spent auto-exploring this place.
 F = Levels seen in this place.
 G = Mean time per level.
                   A        B        C        D        E       F      G
               +--------+--------+--------+--------+--------+-----+--------+
         Total |   8027 |   7448 |    579 |   1102 |   5275 |   8 | 1003.4 |
       Dungeon |   6909 |   6366 |    543 |    962 |   4527 |   6 | 1151.5 |
        Temple |    174 |    138 |     36 |      0 |    131 |   1 |  174.0 |
         Sewer |    943 |    943 |      0 |    140 |    616 |   1 |  943.0 |
               +--------+--------+--------+--------+--------+-----+--------+

Top non-repeatable levels by time:
     D:4: 1425 daAuts
     D:3: 1387 daAuts
     D:5: 1308 daAuts
     D:2: 1233 daAuts
     D:1: 1104 daAuts
   Sewer: 943 daAuts
     D:6: 450 daAuts
  Temple: 174 daAuts
